 Dungeon Crawl Stone Soup version 0.24-a0-584-g9d6b971ae4 (webtiles) character file.

Game seed: 9963665376892456920, levelgen mode: deterministic

1743 Amnesiac the Martial Artist (level 9, 0/53 HPs)
             Began as an Octopode Transmuter on Sept 6, 2019.
             Succumbed to a worker ant's poison
             ... on level 7 of the Dungeon.
             The game lasted 00:08:17 (4961 turns).

Amnesiac the Martial Artist (Octopode Transmuter)   Turns: 4961, Time: 00:08:17

Health: 0/53       AC:  1    Str:  9    XL:     9   Next: 6%
Magic:  12/12      EV: 21    Int: 16    God:
Gold:   208        SH:  0    Dex: 15    Spells: 7/12 levels left

rFire    . . .     SeeInvis .     - Unarmed
rCold    . . .     Gourm    .   (no shield)
rNeg     . . .     Faith    .   (helmet restricted)
rPois    .         Spirit   .   (no amulet)
rElec    .         Reflect  .   b - ring of resist corrosion
rCorr    +         Harm     .   (no ring)
MR       .....                  (no ring)
Stlth    ++........             (no ring)
HPRegen  0.17/turn              (no ring)
MPRegen  0.13/turn              (no ring)
                                (no ring)
                                (no ring)

@: lethally poisoned (0 -> -2)
A: almost no armour, stealthy swim, amphibious, 8 rings, constrict 8, repulsion
field 2, camouflage 1, gelatinous body 1, MP-powered wands
a: no special abilities


You were on level 7 of the Dungeon.
You were not hungry.

You visited 1 branch of the dungeon, and saw 7 of its levels.

You collected 208 gold pieces.

Inventory:

Missiles
 a - 58 arrows
 e - 5 curare-tipped darts (quivered)
Jewellery
 b - a ring of resist corrosion (left tentacle)
Wands
 g - a wand of flame (17)
 i - a wand of disintegration (14)
 l - a wand of iceblast (6)
 m - a wand of random effects (9)
Scrolls
 d - 3 scrolls of enchant weapon
 j - a scroll of identify
 n - a scroll of blinking {unknown}
 o - a scroll of noise {unknown}
Potions
 h - a potion of agility
 k - a potion of haste
Comestibles
 c - 4 rations
 f - 6 chunks of flesh


   Skills:
 - Level 1.0 Fighting
 + Level 7.7 Dodging
 * Level 8.2 Unarmed Combat
 - Level 2.0 Spellcasting
 - Level 4.1 Transmutations
 + Level 0.8 Evocations


You had 7 spell levels left.
You knew the following spells:

 Your Spells              Type           Power        Failure   Level  Hunger
b - Sticks to Snakes      Tmut           ##......     6%          2    ###....
e - Spider Form           Tmut/Pois      #.........   26%         3    ###....

Your spell library contained the following spells:

 Spells                   Type           Power        Failure   Level  Hunger
 Beastly Appendage        Tmut           ##....       3%          1    #......
 Ice Form                 Ice/Tmut       #.......     65%         4    #####..
 Blade Hands              Tmut           ##........   71%         5    ######.


Dungeon Overview and Level Annotations

Branches:
Dungeon (7/15)
 Temple: D:4-7

Altars:
The Shining One

Shops:
D:6 [


Innate Abilities, Weirdness & Mutations

You cannot wear most types of armour.
You are very stealthy in the water. (Stealth+)
You are amphibious.
You can wear up to eight rings at the same time.
You can use your tentacles to constrict eight enemies at once.
Your skin changes colour to match your surroundings (Stealth+).
Your rubbery body absorbs attacks. (AC +1, EV +1)
You are surrounded by a moderate repulsion field. (EV +3)
You expend magic power (3 MP) to strengthen your wands.


Message History

Okay, then.
* * * LOW HITPOINT WARNING * * *
You feel sick.
* * * LOW HITPOINT WARNING * * *
You feel sick.
* * * LOW HITPOINT WARNING * * *
You feel sick.
The kobold hits you with a +0 short sword.
* * * LOW HITPOINT WARNING * * *
* * * LOW HITPOINT WARNING * * *
You feel sick.
* * * LOW HITPOINT WARNING * * *
You feel sick.
* * * LOW HITPOINT WARNING * * *
You feel sick.
* * * LOW HITPOINT WARNING * * *
You feel sick.
* * * LOW HITPOINT WARNING * * *
You feel sick.
You die...

#..# #.# #..# #.#
#..# #.# #..# ##.#
...#############
##..#####
#..÷...........#
###...#....
##############.#
#.....))...
#.########.#...#)###
#..@.K...K.......#
##########K##.####
#####...#.####
#.†...#......#
#.###...#.##.# #.
##.##.# ##.# #.##.#
..#..K# #K##[#
.....K.##K##.#


You could see a big kobold and 2 kobolds.

Vanquished Creatures
  An orc warrior (D:7)
  3 sky beasts
  2 phantoms
  2 centaurs
  A crocodile (D:4)
  Blork the orc (D:4)
  3 bullfrogs
  2 scorpions
  A crimson imp (D:6)
  3 orc priests
  4 orc wizards
  A hound (D:4)
  A bullfrog skeleton (D:7)
  A gnoll shaman (D:7)
  4 worker ants
  A hound zombie (D:6)
  A hound skeleton (D:6)
  A worker ant zombie (D:6)
  A howler monkey zombie (D:5)
  3 gnolls (D:7)
  5 adders
  A shadow imp (D:6)
  A worm (D:4)
  A leopard gecko (D:2)
  19 orcs
  3 giant cockroaches
  4 hobgoblins
  6 jackals
  A quokka (D:5)
  A ball python skeleton (D:5)
  4 bats
  A frilled lizard (D:1)
  2 kobolds
  A leopard gecko skeleton (D:5)
  2 rats
89 creatures vanquished.

Vanquished Creatures (others)
  An orc wizard (D:7)
1 creature vanquished.

Grand Total: 90 creatures vanquished

Notes
Turn   | Place    | Note
-------+----------+-------------------------------------------
     0 | D:1      | Amnesiac the Octopode Transmuter began the quest for the
                  | Orb.
     0 | D:1      | Reached XP level 1. HP: 13/13 MP: 3/3
   229 | D:2      | Reached XP level 2. HP: 18/18 MP: 5/5
   241 | D:2      | Learned a level 2 spell: Sticks to Snakes
   362 | D:4      | Reached XP level 3. HP: 21/23 MP: 6/6
   382 | D:4      | Learned a level 3 spell: Spider Form
   551 | D:4      | Found a glowing golden altar of the Shining One.
   787 | D:4      | Noticed Blork the orc
   791 | D:4      | Reached XP level 4. HP: 28/28 MP: 7/7
   799 | D:4      | Killed Blork the orc
   799 | D:4      | Reached skill level 4 in Unarmed Combat
   799 | D:4      | Reached XP level 5. HP: 33/33 MP: 4/8
   900 | D:4      | Noticed a crocodile
   910 | D:4      | Killed a crocodile
   910 | D:4      | Reached XP level 6. HP: 12/38 MP: 1/9
  1466 | D:4      | Noticed a phantom
  1482 | D:4      | Gained mutation: You expend magic power (3 MP) to
                  | strengthen your wands. [potion of mutation]
  1482 | D:4      | Gained mutation: You are surrounded by a mild repulsion
                  | field. (EV +2) [potion of mutation]
  1482 | D:4      | Gained mutation: You are surrounded by a moderate repulsion
                  | field. (EV +3) [potion of mutation]
  1484 | D:4      | Killed a phantom
  1484 | D:4      | Reached skill level 5 in Unarmed Combat
  1984 | D:4      | Reached XP level 7. HP: 36/43 MP: 7/10
  2291 | D:5      | Entered Level 5 of the Dungeon
  2327 | D:5      | Reached skill level 5 in Dodging
  2591 | D:5      | Reached skill level 6 in Unarmed Combat
  3080 | D:6      | Reached XP level 8. HP: 36/48 MP: 11/11
  3987 | D:6      | Reached skill level 7 in Unarmed Combat
  4496 | D:6      | Found Poovath's Armour Shoppe.
  4907 | D:7      | Reached skill level 8 in Unarmed Combat
  4911 | D:7      | Reached XP level 9. HP: 23/53 MP: 12/12
  4954 | D:7      | HP: 2/53 [poisoned by a worker ant]
  4961 | D:7      | Succumbed to a worker ant's poison

Levels and vault maps discovered:
D:1:      wander_arrival_estate, layout_basic, minmay_hedge_maze
D:2:      cheibrodos_helix_gallery, layout_basic
D:3:      layout_loops_corners, uniq_crazy_yiuf_cottage, uniq_grinder
D:4:      layout_loops_corners, lemuel_round_altar, serial_glass,
          glass_columns_b, glass_columns_c, glass_columns_a, glass_columns_a,
          first_ration, uniq_blork_the_orc
D:5:      layout_gridville
D:6:      layout_basic, serial_shops, nicolae_shop_behind_doors,
          minmay_crystal_room, grunt_ministairs_10, minmay_misc_feat_plants,
          hangedman_abyss_or_decor_stabs
D:7:      layout_loops_ring, minmay_temple_entry_nine_rooms, enter_ossuary_2

Skill      XL: |  1  2  3  4  5  6  7  8 |
---------------+-------------------------+-----
Dodging        | 3 4 5 7 |  7.7
Unarmed Combat | 4 5 6 8 |  8.2
Transmutations | 3 4 |  4.1
Fighting       | |  1.0
Spellcasting   | |  2.0
Evocations     | |  0.8

Action                   |  1- 3 |  4- 6 |  7- 9 || total
-------------------------+-------+-------+-------++-------
Melee: Unarmed           |    40 |    65 |   249 ||   354
       Constrict         |    13 |     5 |    37 ||    55
       Tentacles         |    11 |     3 |    29 ||    43
       Punch             |     1 |       |    12 ||    13
Throw: Dart              |     5 |       |       ||     5
 Cast: Sticks to Snakes  |     1 |       |       ||     1
       Spider Form       |       |     6 |     9 ||    15
  Use: Potion            |       |     1 |     4 ||     5
       Scroll            |       |       |     6 ||     6
 Stab: Sleeping          |       |     1 |     3 ||     4
  Eat: Chunk             |       |     2 |     7 ||     9
       Ration            |       |     1 |     1 ||     2
Armor: Skin              |     4 |     1 |     7 ||    12
Dodge: Dodged            |    26 |    34 |   251 ||   311

Table legend:
 A = Non-vault XP
 B = Vault XP
 C = Vault XP percentage of total XP
 D = Non-vault monster count
 E = Vault monster count
 F = Vault count percentage of total count
                 A         B        C        D         E       F
            +---------+---------+-------+---------+---------+-------
      Total |    2366 |     125 |   5.0 |      85 |       4 |   4.5
            +---------+---------+-------+---------+---------+-------
        D:1 |       7 |       0 |   0.0 |       5 |       0 |   0.0
        D:2 |      21 |       0 |   0.0 |       5 |       0 |   0.0
        D:3 |       6 |       0 |   0.0 |       4 |       0 |   0.0
        D:4 |     569 |     100 |  14.9 |      23 |       1 |   4.2
        D:5 |     406 |       0 |   0.0 |       9 |       0 |   0.0
        D:6 |     856 |      25 |   2.8 |      21 |       3 |  12.5
        D:7 |     501 |       0 |   0.0 |      18 |       0 |   0.0
            +---------+---------+-------+---------+---------+-------
